AoeStats
← Ashen One

Arabian Desert

513510161Analyzed
1v1 RM · 6d ago on Oct 14, 2026· 49m 25s· 2 players
Game mode
Random Map
Map size
Tiny (2 player)
Population
200
Speed
Normal
Resources
Standard
Victory
Conquest
Starting age
Dark Age
Ending age
Imperial Age
RankedLock teamsTeams togetherTeam positionsShared explorationLock speedFull tech treeHidden civsTurbo modeCheats
Victory
Defeat
🇷🇺 Maya · Russia
1190
+15
vs
🇭🇰 Byzantines · Hong Kong SAR China
1176
-15
49894723563
7:34 Loom
9:52 Feudal Age
15:55 Fletching
16:07 Horse Collar
16:27 Double-Bit Axe
19:45 Wheelbarrow
24:04 Castle Age
22:57 Scale Mail Armor
23:07 Forging
24:03 Arson
24:51 Squires
25:29 Iron Casting
25:24 Gambesons
32:38 Bodkin Arrow
33:45 Padded Archer Armor
34:43 Bow Saw
36:04 Elite Skirmisher
37:01 Leather Archer Armor
39:07 Ballistics
Ashen One
0:33 Loom
10:19 Feudal Age
10:54 Double-Bit Axe
18:40 Scale Mail Armor
20:42 Arson
22:12 Wheelbarrow
22:33 Fletching
25:30 Castle Age
24:03 Forging
24:33 Gold Mining
26:31 Chain Mail Armor
26:02 Eagle Warrior
28:54 Crossbowman
29:40 Bodkin Arrow
32:14 Thumb Ring
34:36 Padded Archer Armor
45:09 Iron Casting
44:50 Leather Archer Armor
Connection lost

Rejoining the realm…

Still unreachable

The connection could not be restored.

Session expired

The server has moved on; the page needs a fresh start.